PL
LAS VEGAS FLAMINGOS @ HOUSTON 1837 BBC
08/04/2023
 
TOP OF THE 1ST
Las Vegas Flamingos batting - Pitching for Houston 1837 BBC : RHP Fraser Cuevas
Pitching: RHP Fraser Cuevas
Batting: RHB Sake van Arem 0-0: Ground out 4-3 (Groundball, 34)
Batting: RHB Ángel López 0-0: Ball
1-0: Ball
2-0: Ball
3-0: Called Strike
3-1: Called Strike
3-2: Foul Ball, location: 2F
3-2: SINGLE (Flyball, 8RS)
Batting: LHB Victor Adams 0-0: Ball
Ángel López steals 2nd base
1-0: Foul Ball, location: 2F
1-1: Foul Ball, location: 2F
1-2: Ground out 1-3 (Groundball, 23)
Ángel López to third
Batting: RHB Jeff Young 0-0: Called Strike
0-1: Ball
1-1: Ball
2-1: Ground out 1-3 (Groundball, 23)
Top of the 1st over - 0 run(s), 1 hit(s), 0 error(s), 1 left on base; Las Vegas 0 - Houston 0
BOTTOM OF THE 1ST
Houston 1837 BBC batting - Pitching for Las Vegas Flamingos : RHP Melvin Haney
Pitching: RHP Melvin Haney
Batting: RHB Kumanosuke Abe 0-0: Fly out, F8 (Flyball, 78D)
Batting: RHB Steve Hinkle 0-0: SINGLE (Line Drive, 6M)
Batting: RHB Bob Dickerson 0-0: Ball
1-0: Called Strike
1-1: Ball
Passed Ball!
Steve Hinkle to second
2-1: Ball
3-1: Foul Ball, location: 2F
3-2: Foul Ball, location: 2F
3-2: Base on Balls
Batting: RHB Bob Campbell 0-0: Called Strike
0-1: Foul Ball, location: 2F
0-2: Ball
1-2: Foul Ball, location: 2F
1-2: Ball
2-2: Strikes out looking
Batting: LHB Alberto Torres 0-0: Ball
1-0: Foul Ball, location: 2F
1-1: Called Strike
1-2: Foul Ball, location: 2F
1-2: Ground out 4-3 (Groundball, 4)
Bottom of the 1st over - 0 run(s), 1 hit(s), 0 error(s), 2 left on base; Las Vegas 0 - Houston 0
TOP OF THE 2ND
Las Vegas Flamingos batting - Pitching for Houston 1837 BBC : RHP Fraser Cuevas
Batting: LHB Chris McKinney 0-0: Ball
1-0: Swinging Strike
1-1: Ball
2-1: Swinging Strike
2-2: Strikes out swinging
Batting: LHB Takahiro Harada 0-0: Foul Ball, location: 2F
0-1: Ball
1-1: Ball
2-1: Called Strike
2-2: Ball
3-2: Foul Ball, location: 2F
3-2: Base on Balls
Batting: RHB Steven Talley 0-0: Called Strike
0-1: Foul Ball, location: 2F
0-2: SINGLE (Flyball, 8LS)
Takahiro Harada to second
Batting: LHB Sinclair van Kooten 0-0: Ball
1-0: Called Strike
1-1: SINGLE (Groundball, 56)
Takahiro Harada to third
Steven Talley to second
Runner from 3rd tries for Home, SAFE, throw made home
Steven Talley to third
Sinclair van Kooten to second
Batting: RHB Pablo Lugo 0-0: Ball
1-0: Ball
2-0: Foul Ball, location: 2F
2-1: Fly out, F3 (Popup, 3SF)
Batting: RHB Sake van Arem 0-0: Ground out 6-3 (Groundball, 6)
Top of the 2nd over - 1 run(s), 2 hit(s), 0 error(s), 2 left on base; Las Vegas 1 - Houston 0
BOTTOM OF THE 2ND
Houston 1837 BBC batting - Pitching for Las Vegas Flamingos : RHP Melvin Haney
Batting: LHB Christian Blair 0-0: Ground out 1-3 (Groundball, 13S)
Batting: SHB Jason Alexander 0-0: Ball
1-0: Ball
2-0: Foul Ball, location: 2F
2-1: Ball
3-1: Base on Balls
Batting: LHB Juan Rodríguez 0-0: Ball
1-0: Foul Ball, location: 2F
1-1: Ball
2-1: Called Strike
2-2: Strikes out swinging
Batting: LHB Mike Hanson 0-0: Called Strike
0-1: Ball
1-1: Foul Ball, location: 2F
1-2: Foul Ball, location: 2F
1-2: SINGLE (Groundball, 34S)
Jason Alexander to second
Runner from 2nd tries for 3rd, OUT!
Bottom of the 2nd over - 0 run(s), 1 hit(s), 0 error(s), 1 left on base; Las Vegas 1 - Houston 0
TOP OF THE 3RD
Las Vegas Flamingos batting - Pitching for Houston 1837 BBC : RHP Fraser Cuevas
Batting: RHB Ángel López 0-0: Foul Ball, location: 2F
0-1: SINGLE (Line Drive, 78S)
Batting: LHB Victor Adams 0-0: Ball
1-0: Ball
2-0: Foul Ball, location: 2F
2-1: Foul Ball, location: 2F
2-2: Foul Ball, location: 2F
2-2: Foul Ball, location: 2F
2-2: Grounds into double play, 4-6-3 (Groundball, 4M)
Batting: RHB Jeff Young 0-0: Ball
1-0: Foul Ball, location: 2F
1-1: Called Strike
1-2: Strikes out swinging
Top of the 3rd over - 0 run(s), 1 hit(s), 0 error(s), 0 left on base; Las Vegas 1 - Houston 0
BOTTOM OF THE 3RD
Houston 1837 BBC batting - Pitching for Las Vegas Flamingos : RHP Melvin Haney
Batting: RHB Kumanosuke Abe 0-0: Foul Ball, location: 2F
0-1: Ball
1-1: Ball
2-1: Ball
3-1: Swinging Strike
3-2: Strikes out swinging
Batting: RHB Steve Hinkle 0-0: Foul Ball, location: 2F
0-1: Ground out 6-3 (Groundball, 6)
Batting: RHB Bob Dickerson 0-0: Hit by Pitch
Batting: RHB Bob Campbell 0-0: Foul Ball, location: 2F
0-1: Foul Ball, location: 2F
0-2: Foul Ball, location: 2F
0-2: Ball
1-2: Ball
2-2: Ground out 4-3 (Groundball, 4)
Bottom of the 3rd over - 0 run(s), 0 hit(s), 0 error(s), 1 left on base; Las Vegas 1 - Houston 0
TOP OF THE 4TH
Las Vegas Flamingos batting - Pitching for Houston 1837 BBC : RHP Fraser Cuevas
Batting: LHB Chris McKinney 0-0: Ball
1-0: Swinging Strike
1-1: Called Strike
1-2: Strikes out looking
Batting: LHB Takahiro Harada 0-0: Ball
1-0: Called Strike
1-1: Ball
2-1: Ball
3-1: Swinging Strike
3-2: Ground out 4-3 (Groundball, 4)
Batting: RHB Steven Talley 0-0: Ball
1-0: Ball
2-0: SINGLE (Groundball, 6MD)
Batting: LHB Sinclair van Kooten 0-0: Ball
1-0: Ground out 4-3 (Groundball, 34)
Top of the 4th over - 0 run(s), 1 hit(s), 0 error(s), 1 left on base; Las Vegas 1 - Houston 0
BOTTOM OF THE 4TH
Houston 1837 BBC batting - Pitching for Las Vegas Flamingos : RHP Melvin Haney
Batting: LHB Alberto Torres 0-0: Called Strike
0-1: Foul Ball, location: 2F
0-2: Foul Ball, location: 2F
0-2: Ball
1-2: Ball
2-2: Ball
3-2: Base on Balls
Batting: LHB Christian Blair 0-0: Ball
1-0: Swinging Strike
1-1: Ball
2-1: Ball
3-1: Base on Balls
Alberto Torres to second
Batting: SHB Jason Alexander 0-0: Called Strike
0-1: Ground out U3 (Groundball, 3S)
Alberto Torres to third
Christian Blair to second
Batting: LHB Juan Rodríguez 0-0: Ball
1-0: Called Strike
1-1: Ball
2-1: Foul Ball, location: 2F
2-2: Fly out, F8 (Line Drive, 8RXD)
Runner from 3rd tags up, SCORES, no throw
Batting: LHB Mike Hanson 0-0: Called Strike
0-1: Ball
1-1: Fly out, F6 (Popup, 6MD)
Bottom of the 4th over - 1 run(s), 0 hit(s), 0 error(s), 1 left on base; Las Vegas 1 - Houston 1
TOP OF THE 5TH
Las Vegas Flamingos batting - Pitching for Houston 1837 BBC : RHP Fraser Cuevas
Batting: RHB Pablo Lugo 0-0: Called Strike
0-1: Called Strike
0-2: Ground out 6-3 (Groundball, 6M)
Batting: RHB Sake van Arem 0-0: Called Strike
0-1: Ball
1-1: Ball
2-1: Fly out, F4 (Popup, 4)
Batting: RHB Ángel López 0-0: Foul Ball, location: 2F
0-1: Ball
1-1: Foul Ball, location: 2F
1-2: Strikes out looking
Top of the 5th over - 0 run(s), 0 hit(s), 0 error(s), 0 left on base; Las Vegas 1 - Houston 1
BOTTOM OF THE 5TH
Houston 1837 BBC batting - Pitching for Las Vegas Flamingos : RHP Melvin Haney
Batting: RHB Kumanosuke Abe 0-0: Swinging Strike
0-1: Ball
1-1: Ball
2-1: Ground out 6-3 (Groundball, 6)
Batting: RHB Steve Hinkle 0-0: DOUBLE (Line Drive, 78M)
Batting: RHB Bob Dickerson 0-0: Called Strike
0-1: Ground out 5-3 (Groundball, 56S)
Steve Hinkle to third
Batting: RHB Bob Campbell 0-0: Called Strike
0-1: Foul Ball, location: 2F
0-2: Ball
1-2: Fly out, F8 (Flyball, 8LM)
Bottom of the 5th over - 0 run(s), 1 hit(s), 0 error(s), 1 left on base; Las Vegas 1 - Houston 1
TOP OF THE 6TH
Las Vegas Flamingos batting - Pitching for Houston 1837 BBC : RHP Fraser Cuevas
Batting: LHB Victor Adams 0-0: Called Strike
0-1: Ball
1-1: Ball
2-1: Ball
3-1: Ground out 6-3 (Groundball, 6)
Batting: RHB Jeff Young 0-0: Called Strike
0-1: Ball
1-1: Swinging Strike
1-2: Strikes out swinging
Batting: LHB Chris McKinney 0-0: Ground out 4-3 (Groundball, 34)
Top of the 6th over - 0 run(s), 0 hit(s), 0 error(s), 0 left on base; Las Vegas 1 - Houston 1
BOTTOM OF THE 6TH
Houston 1837 BBC batting - Pitching for Las Vegas Flamingos : RHP Melvin Haney
Batting: LHB Alberto Torres 0-0: Ground out 4-3 (Groundball, 34)
Batting: LHB Christian Blair 0-0: Ball
1-0: Ground out 1-3 (Groundball, 13)
Batting: SHB Jason Alexander 0-0: Ball
1-0: Foul Ball, location: 2F
1-1: Ball
2-1: Fly out, F4 (Popup, 34)
Bottom of the 6th over - 0 run(s), 0 hit(s), 0 error(s), 0 left on base; Las Vegas 1 - Houston 1
TOP OF THE 7TH
Las Vegas Flamingos batting - Pitching for Houston 1837 BBC : RHP Fraser Cuevas
Batting: LHB Takahiro Harada 0-0: Ball
1-0: Ball
2-0: Ground out 4-3 (Groundball, 4)
Batting: RHB Steven Talley 0-0: Ball
1-0: Called Strike
1-1: Ball
2-1: Ball
3-1: Foul Ball, location: 2F
3-2: Ground out 6-3 (Groundball, 6)
Batting: LHB Sinclair van Kooten 0-0: Swinging Strike
0-1: Called Strike
0-2: Strikes out looking
Top of the 7th over - 0 run(s), 0 hit(s), 0 error(s), 0 left on base; Las Vegas 1 - Houston 1
BOTTOM OF THE 7TH
Houston 1837 BBC batting - Pitching for Las Vegas Flamingos : RHP Melvin Haney
Batting: LHB Juan Rodríguez 0-0: Called Strike
0-1: Foul Ball, location: 2F
0-2: Ball
1-2: Strikes out swinging
Batting: LHB Mike Hanson 0-0: Ball
1-0: Called Strike
1-1: Ground out 4-3 (Groundball, 4M)
Batting: RHB Kumanosuke Abe 0-0: Ball
1-0: Ball
2-0: Called Strike
2-1: Ground out 5-3 (Groundball, 5L)
Bottom of the 7th over - 0 run(s), 0 hit(s), 0 error(s), 0 left on base; Las Vegas 1 - Houston 1
TOP OF THE 8TH
Las Vegas Flamingos batting - Pitching for Houston 1837 BBC : RHP Fraser Cuevas
Batting: RHB Pablo Lugo 0-0: Called Strike
0-1: Foul Ball, location: 2F
0-2: Foul Ball, location: 2F
0-2: Ball
1-2: Ground out 3-1 (Groundball, 34S)
Pitching: RHP Travis Hall
Batting: RHB Sake van Arem 0-0: Ball
1-0: SINGLE (Groundball, 56D)
Batting: RHB Ángel López 0-0: Ball
Sake van Arem steals 2nd base
1-0: Ball
2-0: Swinging Strike
2-1: Ball
Error on foul ball, E7
3-2: Foul Ball, location: 2F
3-2: Foul Ball, location: 2F
3-2: Foul Ball, location: 2F
3-2: Ground out 1-3 (Groundball, 15S)
Batting: LHB Victor Adams 0-0: Ball
1-0: Fly out, F8 (Popup, 6MD)
Top of the 8th over - 0 run(s), 1 hit(s), 1 error(s), 1 left on base; Las Vegas 1 - Houston 1
BOTTOM OF THE 8TH
Houston 1837 BBC batting - Pitching for Las Vegas Flamingos : RHP Melvin Haney
Batting: RHB Steve Hinkle 0-0: Ball
1-0: Fly out, F6 (Popup, 6)
Batting: RHB Bob Dickerson 0-0: Called Strike
0-1: Ball
1-1: Ball
2-1: Swinging Strike
2-2: Ball
3-2: Base on Balls
Batting: RHB Bob Campbell 0-0: Reached on error, E4 (Groundball, 4)
Bob Dickerson to second
Batting: LHB Alberto Torres 0-0: Called Strike
0-1: Foul Ball, location: 2F
0-2: Grounds into double play, 4-6-3 (Groundball, 34)
Bottom of the 8th over - 0 run(s), 0 hit(s), 1 error(s), 1 left on base; Las Vegas 1 - Houston 1
TOP OF THE 9TH
Las Vegas Flamingos batting - Pitching for Houston 1837 BBC : RHP Travis Hall
Pitching: RHP Toshiro Saikawa
Batting: RHB Jeff Young 0-0: Ball
1-0: SINGLE (Line Drive, 6MD)
Batting: LHB Chris McKinney 0-0: Called Strike
0-1: Ball
1-1: Grounds into double play, 4-6-3 (Groundball, 4)
Batting: LHB Takahiro Harada 0-0: Ball
1-0: Ball
2-0: Ball
3-0: Base on Balls
Batting: RHB Steven Talley 0-0: Called Strike
0-1: Foul Ball, location: 2F
0-2: Ball
1-2: Ball
2-2: Strikes out swinging
Top of the 9th over - 0 run(s), 1 hit(s), 0 error(s), 1 left on base; Las Vegas 1 - Houston 1
BOTTOM OF THE 9TH
Houston 1837 BBC batting - Pitching for Las Vegas Flamingos : RHP Melvin Haney
Batting: LHB Christian Blair 0-0: Ball
1-0: Ground out 4-3 (Groundball, 4M)
Batting: SHB Jason Alexander 0-0: Swinging Strike
0-1: Ball
1-1: Swinging Strike
1-2: Strikes out swinging
Batting: LHB Juan Rodríguez 0-0: Ball
1-0: Called Strike
1-1: Ball
2-1: Ball
3-1: Base on Balls
Pitching: RHP Alfredo Martínez
Batting: LHB Mike Hanson 0-0: Called Strike
0-1: Ball
1-1: SINGLE (Line Drive, 34)
Juan Rodríguez to second
Batting: RHB Kumanosuke Abe 0-0: Called Strike
0-1: Ball
1-1: Ball
2-1: Ball
3-1: Called Strike
3-2: Fly out, F8 (Flyball, 8LM)
Bottom of the 9th over - 0 run(s), 1 hit(s), 0 error(s), 2 left on base; Las Vegas 1 - Houston 1
TOP OF THE 10TH
Las Vegas Flamingos batting - Pitching for Houston 1837 BBC : RHP Toshiro Saikawa
Batting: LHB Sinclair van Kooten 0-0: Ball
1-0: Ball
2-0: Ball
3-0: Base on Balls
Batting: RHB Pablo Lugo 0-0: Ball
1-0: SINGLE (Flyball, 8RS)
Sinclair van Kooten to second
Runner from 2nd tries for 3rd, SAFE, no throw or cutoff
Batting: RHB Sake van Arem 0-0: Called Strike
0-1: Foul Ball, location: 2F
0-2: Ball
1-2: Strikes out swinging
Batting: RHB Ángel López 0-0: Ball
1-0: Ball
2-0: Called Strike
2-1: Ball
3-1: Swinging Strike
3-2: Foul Ball, location: 2F
3-2: Foul Ball, location: 2F
3-2: Foul Ball, location: 2F
3-2: Base on Balls
Pablo Lugo to second
Batting: LHB Victor Adams 0-0: Fly out, F5 (Line Drive, 5)
Batting: RHB Jeff Young 0-0: Ball
1-0: Called Strike
1-1: DOUBLE (Flyball, 78XD)
Sinclair van Kooten scores
Pablo Lugo scores
Ángel López to third
Runner from 3rd tries for Home, SAFE, no throw or cutoff
Pitching: RHP Francisco Valdés
Batting: LHB Chris McKinney 0-0: Ball
Passed Ball!
Jeff Young to third
1-0: Ground out 3-1 (Groundball, 34)
Top of the 10th over - 3 run(s), 2 hit(s), 0 error(s), 1 left on base; Las Vegas 4 - Houston 1
BOTTOM OF THE 10TH
Houston 1837 BBC batting - Pitching for Las Vegas Flamingos : RHP Alfredo Martínez
Now in LF: Terry Sylvester
Batting: RHB Steve Hinkle 0-0: Fly out, F7 (Flyball, 78S)
Batting: RHB Bob Dickerson 0-0: Swinging Strike
0-1: Ball
1-1: Swinging Strike
1-2: SINGLE (Groundball, 6M)
Batting: RHB Bob Campbell 0-0: Ball
1-0: Ball
2-0: Ground out 4-3 (Groundball, 4M)
Bob Dickerson to second
Batting: LHB Alberto Torres 0-0: Ball
1-0: Called Strike
1-1: Ground out 6-3 (Groundball, 6M)
Bottom of the 10th over - 0 run(s), 1 hit(s), 0 error(s), 1 left on base; Las Vegas 4 - Houston 1
This league is powered by Out of the Park Baseball, the baseball management simulation game for PC, Mac and Linux
Friday, July 8th, 2016 - OOTP Baseball 16.9 Build 39